 Dungeon Crawl Stone Soup version 0.20.1-1-g8b1a95d (webtiles) character file.

309816 letownia2 the Severer (level 20, 0/196 HPs)
             Began as a Deep Dwarf Necromancer on Oct 29, 2017.
             Was an Initiate of Gozag.
             Slain by an orc warrior
             ... wielding a +0 long sword
             ... led by an orc knight
              (18 damage)
             ... on level 4 of the Vaults.
             The game lasted 03:37:47 (49848 turns).

letownia2 the Severer (Deep Dwarf Necromancer)     Turns: 49848, Time: 03:37:47

Health: 0/196      AC: 23    Str: 20    XL:     20   Next: 72%
Magic:  4/46       EV: 12    Int: 18    God:    Gozag
Gold:   2889       SH:  0    Dex: 21    Spells: 25/46 levels left

rFire    + + .     SeeInvis .   a - +4 battleaxe (flame)
rCold    + . .     Gourm    .   (shield currently unavailable)
rNeg     + + .     Faith    .   L - +8 plate armour {ponderous}
rPois    +         Spirit   .   h - -2 hat of the Alchemist {rElec rPois rF+ rC+ rN+ MR+ rMut rCorr}
rElec    +         Reflect  .   u - scarf "Deoppih" {rF+ MR+ Int+3 Dex+3}
rCorr    +         Harm     .   l - +1 pair of gloves {Str+3}
rMut     +                      (no boots)
MR       +++++                  c - amulet of magic regeneration
Stlth    ..........             x - +3 ring of protection
Regen    0.0/turn               C - ring of Yendor {MP+9 Str-3 Dex+5 Slay+5}
MPRegen  0.5/turn

@: gold aura, non-regenerating, slow
A: damage resistance, heal wounds, deformed body, dopey 1, negative energy
resistance 1, sense surroundings 3, no regeneration
}: 1/15 runes: gossamer
a: Heal Wounds, Potion Petition, Call Merchant, Bribe Branch, Renounce Religion


You were on level 4 of the Vaults.
You worshipped Gozag.
Gozag was most pleased with you.
You were very full.

You visited 8 branches of the dungeon, and saw 37 of its levels.
You visited the Abyss 1 time.
You visited 1 bazaar.

You collected 16568 gold pieces.
You spent 2196 gold pieces at shops.
You paid 11483 gold pieces to Gozag.

Inventory:

Hand Weapons
 a - a +4 battleaxe of flaming (weapon)
 b - a +2 battleaxe of freezing
 m - a +1 vampiric war axe
 U - a +3 bardiche
Armour
 h - the -2 hat of the Alchemist (worn) {rElec rPois rF+ rC+ rN+ MR+ rMut rCorr}
   (You bought it in a shop on level 2 of the Lair of Beasts)

   It protects you from fire.
   It protects you from cold.
   It insulates you from electricity.
   It protects you from poison.
   It protects you from negative energy.
   It affects your resistance to hostile enchantments.
   It protects you from acid and corrosion.
   It protects you from mutation.
 l - a +1 pair of gloves of strength (worn)
 o - a cursed -1 chain mail
 u - the scarf "Deoppih" (worn) {rF+ MR+ Int+3 Dex+3}
   (You found it on level 12 of the Dungeon)

   It affects your intelligence (+3).
   It affects your dexterity (+3).
   It protects you from fire.
   It affects your resistance to hostile enchantments.
 L - a +8 plate armour of ponderousness (worn)
Magical Staves
 d - an uncursed staff of death
 F - an uncursed staff of wizardry
Jewellery
 c - an amulet of magic regeneration (around neck)
 x - a +3 ring of protection (left hand)
 C - the ring of Yendor (right hand) {MP+9 Str-3 Dex+5 Slay+5}
   (You bought it in a shop on level 4 of the Vaults)

   [ring of magical power]

   It affects your strength (-3).
   It affects your dexterity (+5).
   It affects your accuracy and damage with ranged weapons and melee attacks
   (+5).
   It affects your magic capacity (+9).
 K - an uncursed ring of see invisible
 M - an uncursed ring of magical power
 P - an uncursed ring of protection from fire
Wands
 v - a wand of iceblast (6/15)
 y - a wand of confusion (37/48)
 R - a wand of digging (7/24)
Scrolls
 f - 11 scrolls of remove curse
 i - 9 scrolls of identify
 w - 5 scrolls of magic mapping
 A - a scroll of fog
 D - a scroll of blinking
 I - a scroll of torment
 O - a scroll of fear
 Q - 5 scrolls of immolation
 S - 2 scrolls of teleportation
Potions
 j - 2 potions of brilliance
 k - 4 potions of heal wounds
 n - 9 potions of curing
 p - 3 potions of cancellation
 r - 5 potions of berserk rage
 t - 4 potions of lignification
 B - 2 potions of magic
 E - 5 potions of agility
 H - 3 potions of might
 J - 4 potions of mutation
 N - 2 potions of haste
 T - a potion of resistance
 X - 3 potions of ambrosia
 Z - 2 potions of flight
Miscellaneous
 e - a phial of floods (inert)
 g - a lightning rod (4/4)
 z - a lamp of fire (inert)
 G - a fan of gales
Comestibles
 s - 6 meat rations


   Skills:
 + Level 16.0 Fighting
 - Level 20.5 Axes
 - Level 14.5 Armour
 - Level 7.5 Dodging
 - Level 2.4 Stealth
 - Level 13.9 Spellcasting
 - Level 2.1 Hexes
 - Level 4.8 Charms
 + Level 16.6 Necromancy
 - Level 5.7 Evocations


You had 25 spell levels left.
You knew the following spells:

 Your Spells              Type           Power        Failure   Level  Hunger
a - Pain                  Necr           ####         1%          1    None
d - Dispel Undead         Necr           ######..     1%          5    ####...
i - Ignite Poison         Fire/Tmut/Pois ##......     88%         3    None
l - Song of Slaying       Chrm           ####....     13%         2    None
s - Swiftness             Chrm/Air       ###.....     34%         2    None
t - Shroud of Golubria    Chrm/Tloc      ###.......   34%         2    None
v - Vampiric Draining     Necr           ######....   1%          3    None
x - Spectral Weapon       Hex/Chrm       ####....     41%         3    None


Dungeon Overview and Level Annotations

Branches:
Dungeon (15/15)            Temple (1/1) D:5            Lair (6/6) D:10
  Swamp (3/4) Lair:3       Spider (4/4) Lair:2        Slime (0/5) Lair:5
    Orc (2/2) D:10            Elf (2/3) Orc:2        Vaults (4/5) D:13
  Crypt (0/3) Vaults:3     Depths (0/5) D:15

Altars:
Ashenzari
Cheibriados
Dithmenos
Elyvilon
Fedhas
Gozag
Hepliaklqana
Kikubaaqudgha
Makhleb
Nemelex Xobeh
Okawaru
Qazlal
Ru
Sif Muna
Trog
Uskayaw
Vehumet
Xom
Yredelemnul
Zin

Shops:
D:5 [   Orc:2 *%%%%%[   Elf:2 :   Lair:2 *[=*=[[[[[   Vaults:3 [
Vaults:4 =(((

Portals:
Bazaar: D:12
Trove: Vaults:4 (give +3 storm dragon scales)

Annotations:
D:6 letownia2's ghost, novice DDNe
D:7 Linguinho's ghost, novice DEEE
Spider:4 exclusion: 3 doors
Elf:2 3 runed doors


Innate Abilities, Weirdness & Mutations

You are resistant to damage.
You can heal yourself by infusing magical energy.
You resist negative energy. (rN+)
You passively map a large area around you.
You do not regenerate.
Armour fits poorly on your strangely shaped body.
You are dopey. (Int -2)


Message History

You slash the orc knight! You burn the orc knight!
You kill the orc knight!
The yaktaur wields an arbalest.
The yaktaur shoots a bolt.
The bolt hits you but does no damage.
Okay, then.
The yaktaur shoots a bolt.
The bolt hits you!! The stone giant closely misses you.
You slash the stone giant! You burn the stone giant.
The stone giant is lightly wounded.
You hit the orc warrior. You burn the orc warrior.
The orc warrior hits you with a long sword!
Unknown command.
You slice the stone giant!! You burn the stone giant.
The stone giant is heavily wounded.
You slice the ogre!! You burn the ogre. You slash the orc warrior!
You burn the orc warrior. The stone giant hits you!!!
* * * LOW HITPOINT WARNING * * *
The orc warrior hits you with a long sword!!
You die...
Your body crumbles into a pile of gold.

, $ , #......'.. * , cp ,
..##......#.. * , , *..#
, #.. #......#.. * #..#*
#.. #..>...'.. , #.T###..
#......'.. , , *#.....
########.. *, ...# #..
****
*########C##############[
, ,,
.......@o...............
, ,
........O...............
*,,,,
........................
,,,,
###########...)#########
,,, ,,,,#....# , # , * '*
* * #....# , # * , , , ,*
, #....'...... # , *
#....#..>... + , ,
,#....#...... #


You could see a stone giant, an orc warrior and an ogre.

Vanquished Creatures
  Arachne (Spider:2)
  Jorgrun (Swamp:2)
  Asterion (Vaults:2)
  A lich (Vaults:4)
  A sphinx (D:10)
  Frances (D:14)
  Gastronok (Lair:2)
  Kirke (Swamp:2)
  A tentacled starspawn (Abyss:3)
  Donald (Vaults:2)
  A fire giant (D:10)
  A tengu reaver (Vaults:3)
  5 ghost moths
  The ghost of lorenzova the Eclecticist, an adept DECj of Sif Muna (Spider:4)
  2 deep elf sorcerers
  3 frost giants (Vaults:3)
  5 emperor scorpions
  Aizul (Vaults:2)
  5 vault wardens
  A ghoul (Vaults:3)
  A deep elf elementalist (Abyss:3)
  13 ironheart preservers
  4 stone giants
  5 deep elf demonologists
  5 entropy weavers
  Nessos (D:12)
  4 spark wasps (Spider:4)
  2 deep elf death magi
  3 fire dragons
  An eidolon (Vaults:3)
  Harold (Orc:1)
  7 yaktaur captains
  2 great orbs of eyes (Vaults:3)
  17 vault guards
  6 ogre magi
  An ice dragon (Vaults:1)
  A ghost crab (Swamp:2)
  7 rakshasas
  5 hydras
  3 catoblepae (Lair:6)
  12 two-headed ogres
  8 centaur warriors
  5 alligators
  A deep troll earth mage (Vaults:1)
  16 death yaks
  6 death knights
  A vampire mage (Vaults:3)
  3 tengu warriors
  A thrashing horror (Abyss:3)
  4 orc high priests (Orc:2)
  19 deep elf knights
  Nergalle (D:11)
  6 skeletal warriors
  5 unseen horrors
  An unseen horror (shapeshifter) (Vaults:1)
  2 shadow wraiths
  A glowing orange brain (Vaults:2)
  7 deep trolls
  A swamp dragon (Swamp:1)
  A shadow dragon zombie (Abyss:3)
  2 flayed ghosts
  22 deep elf archers
  3 necromancers
  4 wizards
  12 ironbrand convokers
  A harpy (Vaults:4)
  8 orc knights
  An orb spider (shapeshifter) (Vaults:3)
  3 phantasmal warriors
  16 orb spiders
  15 ugly things
  45 wolf spiders
  4 orc sorcerers
  5 cyclopes
  3 oklob plants (Lair:6)
  47 deep elf magi
  3 moths of wrath
  2 manticores (Lair:6)
  A human skeleton (Vaults:2)
  12 elephants
  An ice statue (D:12)
  13 vault sentinels
  3 torpor snails
  7 black mambas
  A black mamba (shapeshifter) (Vaults:2)
  6 spiny frogs
  A smoke demon (Abyss:3)
  3 gargoyles
  3 kobold demonologists
  19 yaktaurs
  6 komodo dragons
  A spiny frog (shapeshifter) (Elf:1)
  15 demonic crawlers
  2 efreet
  A rime drake (Lair:1)
  2 human zombies (Vaults:2)
  6 freezing wraiths
  An ancient zyme (Abyss:3)
  18 trolls
  51 jumping spiders
  7 tengu conjurers
  A polar bear (Lair:5)
  A polar bear (shapeshifter) (Elf:2)
  A wind drake (shapeshifter) (Vaults:2)
  6 tyrant leeches
  2 stone giant simulacra (Vaults:2)
  15 hornets
  53 slime creatures
  A slime creature (shapeshifter) (Vaults:3)
  12 dream sheep
  4 blink frogs (Lair:5)
  A harpy skeleton (D:14)
  14 hippogriffs
  4 bog bodies
  6 raiju (Abyss:3)
  90 redbacks
  A fire giant simulacrum (Vaults:2)
  A ynoxinul (Abyss:3)
  A hog (Swamp:2)
  47 tarantellas
  3 wyverns
  A spriggan (shapeshifter) (Vaults:2)
  3 spriggans (Swamp:3)
  A tarantella (shapeshifter) (Vaults:3)
  3 water elementals
  A yak (shapeshifter) (Vaults:4)
  8 wraiths
  A basilisk (Lair:6)
  3 fire elementals
  66 yaks
  2 humans (Swamp:2)
  3 hungry ghosts
  Grum (D:9)
  4 fire bats (D:14)
  3 neqoxecs (Abyss:3)
  A human (shapeshifter) (Vaults:4)
  2 vampire mosquitoes (Swamp:2)
  A warg (Orc:2)
  Menkaure (D:7)
  11 swamp worms
  3 large abominations (Abyss:3)
  A two-headed ogre zombie (D:10)
  3 acid dragons
  A soldier ant (D:10)
  17 water moccasins
  6 porcupines
  A hell hound (D:14)
  5 swamp drakes
  3 sky beasts
  23 orc warriors
  4 black bears
  25 ogres
  6 small abominations (Abyss:3)
  An ettin simulacrum (Vaults:1)
  4 phantoms
  2 ice beasts
  An eye of draining (D:13)
  3 boggarts
  8 centaurs
  12 wolves
  12 crocodiles
  3 big kobolds
  22 bullfrogs
  2 earth elementals (Elf:1)
  A wyvern zombie (D:12)
  An ogre simulacrum (Vaults:1)
  A glowing shapeshifter simulacrum (Vaults:2)
  A wyvern skeleton (D:13)
  5 scorpions
  A troll zombie (D:10)
  A human simulacrum (Vaults:2)
  6 killer bees (D:9)
  A killer bee (shapeshifter) (Vaults:2)
  10 wights
  5 electric eels
  6 crimson imps
  2 lava snakes (D:14)
  4 quasits
  3 bullfrog skeletons
  2 centaur zombies
  21 orc wizards
  33 orc priests
  3 centaur skeletons
  7 hounds
  3 jellies
  5 iguanas
  A gnoll shaman (D:4)
  8 worker ants
  6 ogre zombies (D:10)
  A hound zombie (D:6)
  A hound skeleton (D:11)
  A worker ant zombie (D:6)
  35 gnolls
  2 howler monkey skeletons (D:5)
  18 adders
  2 shadow imps
  2 white imps (Abyss:3)
  An ooze (D:2)
  6 adder skeletons
  A worm (D:2)
  3 dart slugs
  6 leopard geckos
  66 orcs
  A ball python (D:2)
  8 giant cockroaches
  6 hobgoblins
  22 jackals
  17 kobolds
  2 quokkas
  6 bats
  3 frilled lizards
  7 goblins
  3 goblin zombies (D:10)
  A hobgoblin skeleton (D:10)
  3 hobgoblin zombies (D:10)
  3 orc skeletons (D:10)
  15 orc zombies (D:10)
  A quokka skeleton (D:8)
  7 rats
  A fire vortex (D:14)
  A plant (Lair:6)
1538 creatures vanquished.

Vanquished Creatures (collateral kills)
  A two-headed ogre (Vaults:3)
1 creature vanquished.

Vanquished Creatures (others)
  A vault warden (Vaults:4)
  An ironheart preserver (Vaults:4)
  7 dancing weapons
  A redback (Spider:3)
  A human (Swamp:2)
  A swamp worm (Swamp:1)
  A small abomination (Abyss:3)
  2 fire vortices (D:14)
  3 fungi
  15 plants
  13 starspawn tentacles (Abyss:3)
46 creatures vanquished.

Grand Total: 1585 creatures vanquished

Notes
Turn   | Place    | Note
-------+----------+-------------------------------------------
     0 | D:1      | letownia2 the Deep Dwarf Necromancer began the quest for the Orb.
     0 | D:1      | Reached XP level 1. HP: 15/15 MP: 3/3
   237 | D:2      | Reached XP level 2. HP: 22/22 MP: 3/5
   409 | D:2      | Reached skill level 5 in Necromancy
   409 | D:2      | Reached XP level 3. HP: 28/28 MP: 2/6
   414 | D:2      | Learned a level 3 spell: Vampiric Draining
   546 | D:3      | Found a snail-covered altar of Cheibriados.
   755 | D:4      | Noticed a scorpion
   766 | D:4      | Killed a scorpion
   766 | D:4      | Reached XP level 4. HP: 33/36 MP: 1/7
   934 | D:4      | Reached XP level 5. HP: 28/42 MP: 0/8
  1427 | D:5      | Entered Level 5 of the Dungeon
  1460 | D:5      | Noticed a hand axe
  1460 | D:5      | Noticed a dagger
  1461 | D:5      | Found a hide-covered altar of Uskayaw.
  1552 | D:5      | Found Laimakuf's Antique Armour Shop.
  1802 | D:5      | Reached skill level 1 in Armour
  1839 | D:5      | Found a staircase to the Ecumenical Temple.
  1845 | Temple   | Entered the Ecumenical Temple
  1946 | Temple   | Became a worshipper of Gozag Ym Sagoz the Greedy
  2071 | D:5      | Noticed a centaur
  2078 | D:5      | Killed a centaur
  2078 | D:5      | Reached XP level 6. HP: 18/49 MP: 0/11
  2550 | D:3      | Reached skill level 1 in Fighting
  4054 | D:2      | Reached XP level 7. HP: 30/57 MP: 5/12
  5350 | D:4      | Reached XP level 8. HP: 48/69 MP: 7/14
  5580 | D:5      | Found a shadowy altar of Dithmenos.
  5583 | D:5      | Found a snail-covered altar of Cheibriados.
  5586 | D:5      | Found an iron altar of Okawaru.
  5729 | D:5      | Reached skill level 5 in Spellcasting
  5980 | D:6      | Noticed letownia2's ghost (novice DDNe)
  6100 | D:6      | Found a bloodstained altar of Trog.
  6623 | D:7      | Reached skill level 1 in Axes
  6779 | D:7      | Noticed Menkaure
  6792 | D:7      | Killed Menkaure
  6792 | D:7      | Reached skill level 2 in Axes
  6904 | D:7      | Noticed Linguinho's ghost (novice DEEE)
  7001 | D:8      | Reached skill level 5 in Fighting
  7001 | D:8      | Reached skill level 5 in Dodging
  7001 | D:8      | Reached skill level 5 in Evocations
  7001 | D:8      | Gained mutation: You passively map the area around you. [Deep Dwarf growth]
  7001 | D:8      | Reached XP level 9. HP: 29/81 MP: 17/21
  7169 | D:8      | Reached XP level 10. HP: 84/88 MP: 11/22
  7341 | D:8      | Got a brightly glowing scale mail
  7352 | D:8      | Identified the cursed +1 scale mail of the Pits of Slime {rN+ MP+9 Dex-5} (You found it on level 8 of the Dungeon)
  7786 | D:9      | Noticed a two-headed ogre
  7807 | D:9      | Killed a two-headed ogre
  7807 | D:9      | Reached skill level 3 in Axes
  8042 | D:9      | Reached skill level 10 in Necromancy
  8148 | D:9      | Noticed Grum
  8162 | D:9      | Killed Grum
  8162 | D:9      | Reached skill level 4 in Axes
  8300 | D:10     | Entered Level 10 of the Dungeon
  8344 | D:10     | Noticed a two-headed ogre
  8569 | D:10     | Killed a two-headed ogre
  8569 | D:10     | Reached skill level 5 in Axes
  8756 | D:10     | Found a staircase to the Orcish Mines.
  8821 | D:10     | Reached XP level 11. HP: 73/96 MP: 17/23
  8911 | D:10     | Reached skill level 6 in Axes
  9048 | D:10     | Found a staircase to the Lair.
  9067 | D:10     | Killed an unseen horror
  9308 | D:10     | Noticed a white ugly thing
  9361 | D:10     | Noticed a fire giant
  9552 | D:10     | Noticed a wolf spider
  9563 | D:10     | Killed a wolf spider
  9723 | Lair:1   | Entered Level 1 of the Lair of Beasts
  9843 | Lair:1   | Reached skill level 7 in Axes
 10379 | D:10     | Killed a fire giant
 10486 | D:10     | Noticed a flayed ghost
 10640 | Lair:1   | Reached skill level 8 in Axes
 10923 | Lair:1   | Reached XP level 12. HP: 100/106 MP: 25/25
 11502 | Lair:2   | Found a hole to the Spider Nest.
 11608 | Lair:2   | Noticed Gastronok
 11646 | Lair:3   | Reached skill level 9 in Axes
 11780 | Lair:3   | Found a staircase to the Swamp.
 14219 | Lair:5   | Found a staircase to the Slime Pits.
 14607 | Lair:2   | Killed Gastronok
 14607 | Lair:2   | Reached XP level 13. HP: 63/117 MP: 21/26
 14626 | Lair:2   | Bought the -2 hat of the Alchemist {rElec rPois rF+ rC+ rN+ MR+ rMut rCorr} for 1368 gold pieces
 14675 | Lair:2   | Noticed a fire dragon
 14704 | Lair:2   | Killed a fire dragon
 14876 | Lair:2   | Learned a level 5 spell: Dispel Undead
 15005 | Lair:6   | Entered Level 6 of the Lair of Beasts
 15026 | Lair:6   | Reached skill level 10 in Axes
 15359 | Lair:6   | Reached skill level 10 in Spellcasting
 15612 | Lair:6   | Reached skill level 11 in Axes
 16335 | Lair:6   | Gained mutation: You resist negative energy. (rN+) [Deep Dwarf growth]
 16335 | Lair:6   | Reached XP level 14. HP: 93/130 MP: 28/28
 16422 | Lair:6   | Reached skill level 15 in Necromancy
 16786 | Lair:6   | Reached skill level 10 in Fighting
 16889 | Lair:6   | Reached skill level 12 in Axes
 17454 | Lair:6   | Identified the Reference Book on Quantum Moulding
 17467 | Lair:6   | Learned a level 3 spell: Ignite Poison
 17624 | D:10     | Noticed a sphinx
 17632 | Orc:1    | Entered Level 1 of the Orcish Mines
 17716 | Orc:1    | Noticed Harold
 17734 | Orc:1    | Killed Harold
 18002 | Orc:2    | Entered Level 2 of the Orcish Mines
 18003 | Orc:2    | Noticed a stone giant
 18116 | Orc:2    | Found Nabliukas's Assorted Antiques.
 18394 | Orc:2    | Killed a stone giant
 18405 | Orc:2    | Found Kur Giogupe's Food Shop.
 18428 | Orc:2    | Found a staircase to the Elven Halls.
 18436 | Orc:2    | Noticed a stone giant
 18835 | D:10     | Killed a sphinx
 18857 | Orc:1    | Killed a stone giant
 19474 | Orc:2    | Found a radiant altar of Vehumet.
 19576 | Orc:2    | Found Kuitwuq's Armour Shoppe.
 19662 | Orc:2    | Found Nukause's Food Boutique.
 19662 | Orc:2    | Found Cuaprik's Food Shop.
 19662 | Orc:2    | Found Isaaca's Food Shop.
 19665 | Orc:2    | Found Uzavuim's Food Boutique.
 19953 | D:10     | Got a bloodstained hunting sling
 19955 | D:10     | Identified the +5 hunting sling of the Wilderness {freeze, rElec rC+ Str-2} (You found it on level 10 of the Dungeon)
 20241 | D:11     | Got a scorched quarterstaff
 20242 | D:11     | Identified the +9 quarterstaff of a Spat {freeze, +Inv MR+++ Str-2 Int+4} (You found it on level 11 of the Dungeon)
 20431 | D:11     | Noticed Nergalle
 20441 | D:11     | Killed Nergalle
 20970 | D:12     | Noticed Nessos
 20988 | D:12     | Reached skill level 10 in Armour
 21032 | D:12     | Killed Nessos
 21032 | D:12     | Reached XP level 15. HP: 130/140 MP: 8/29
 21161 | D:12     | Got a dazzling scarf
 21172 | D:12     | Identified the scarf "Deoppih" {rF+ MR+ Int+3 Dex+3} (You found it on level 12 of the Dungeon)
 21372 | D:12     | Found a gateway to a bazaar.
 23009 | D:13     | Reached skill level 13 in Axes
 23243 | D:13     | Found a gate to the Vaults.
 23431 | D:14     | Found a transporter.
 23447 | D:14     | Found a deep blue altar of Sif Muna.
 24284 | D:14     | Found a transporter.
 24396 | D:14     | Noticed Frances
 24415 | D:14     | Killed Frances
 24415 | D:14     | Reached skill level 14 in Axes
 24433 | D:14     | Got a scintillating glass ring
 24435 | D:14     | Identified the ring "Ygatwale" {+Fly rElec rC+ rN+ Slay-5} (You found it on level 14 of the Dungeon)
 24455 | D:14     | Learned a level 2 spell: Swiftness
 24562 | D:14     | Learned a level 2 spell: Song of Slaying
 24566 | D:14     | Learned a level 3 spell: Spectral Weapon
 24569 | D:14     | Learned a level 2 spell: Shroud of Golubria
 24729 | Elf:1    | Entered Level 1 of the Elven Halls
 24735 | Elf:1    | Noticed a Brimstone Fiend
 24932 | Spider:1 | Entered Level 1 of the Spider Nest
 25071 | Swamp:1  | Entered Level 1 of the Swamp
 25358 | Elf:1    | Noticed a deep elf sorcerer
 25420 | Elf:1    | Killed a deep elf sorcerer
 26053 | Lair:2   | Reached XP level 16. HP: 142/152 MP: 25/30
 26920 | Orc:2    | Bought a bread ration for 50 gold pieces
 26920 | Orc:2    | Bought a bread ration for 50 gold pieces
 26922 | Orc:2    | Bought a bread ration for 50 gold pieces
 27785 | Elf:1    | Identified a scroll of acquirement
 28156 | Spider:1 | Got a smoking ring mail
 28167 | Spider:1 | Identified the cursed +0 ring mail "Boast" {rF- rC+ rN+} (You found it on level 1 of the Spider Nest)
 28876 | Swamp:2  | Noticed Jorgrun
 29175 | Spider:1 | Reached skill level 15 in Axes
 30340 | Spider:2 | Reached skill level 16 in Axes
 30504 | Spider:2 | Noticed Arachne
 30866 | Swamp:2  | Killed Jorgrun
 31133 | Swamp:2  | Noticed Kirke
 31157 | Swamp:2  | Killed Kirke
 31196 | Swamp:2  | Reached XP level 17. HP: 156/162 MP: 31/31
 31437 | Spider:2 | Killed Arachne
 32148 | Spider:3 | Reached skill level 17 in Axes
 33786 | Spider:3 | Reached skill level 18 in Axes
 34046 | Spider:4 | Entered Level 4 of the Spider Nest
 34637 | Spider:4 | Noticed lorenzova's ghost (adept DECj)
 34660 | Spider:4 | Killed lorenzova's ghost
 34820 | Spider:4 | Reached skill level 19 in Axes
 35797 | Spider:4 | Gained mutation: You passively map a large area around you. [Deep Dwarf growth]
 35797 | Spider:4 | Reached XP level 18. HP: 121/169 MP: 0/32
 36141 | Spider:4 | Reached skill level 20 in Axes
 36464 | Spider:4 | Got a gossamer rune of Zot
 36834 | D:15     | Entered Level 15 of the Dungeon
 37230 | D:15     | Found a white marble altar of Elyvilon.
 37415 | D:15     | Found a staircase to the Depths.
 38587 | Elf:2    | Found a runed gate.
 38587 | Elf:2    | Found a runed gate.
 38587 | Elf:2    | Found a runed gate.
 38701 | Elf:2    | Found Bapnof's Book Shop.
 38956 | Elf:2    | Got a fine war axe
 38957 | Elf:2    | Identified the cursed +3 war axe of Nenny Meox {freeze, rC+ Str-2 Int+3 Dex+3} (You found it on level 2 of the Elven Halls)
 38957 | Elf:2    | Cast into level 3 of the Abyss (hand axe of distortion)
 39396 | Abyss:3  | Gained mutation: Armour fits poorly on your strangely shaped body. [a neqoxec]
 39406 | Abyss:3  | Gained mutation: You are dopey. (Int -2) [a neqoxec]
 39863 | Elf:2    | Escaped the Abyss
 40820 | Vaults:1 | Entered Level 1 of the Vaults
 41282 | Vaults:1 | Found a flickering gateway to a bazaar.
 41354 | Vaults:1 | Reached XP level 19. HP: 122/181 MP: 2/35
 41690 | Bazaar   | Entered a bazaar
 41690 | Bazaar   | Found Saalu's Weapon Emporium.
 41690 | Bazaar   | Found Gixkaoq's General Store.
 41690 | Bazaar   | Found Seiguagyta's Weapon Emporium.
 41692 | Bazaar   | Found Uneusuvi's General Store.
 44161 | Vaults:2 | Reached skill level 15 in Fighting
 44290 | Vaults:2 | Noticed Donald
 44303 | Vaults:2 | Killed Donald
 44438 | Vaults:2 | Noticed Aizul
 44465 | Vaults:2 | Reached skill level 1 in Hexes
 44465 | Vaults:2 | Reached skill level 1 in Charms
 44480 | Vaults:2 | Noticed Asterion
 44500 | Vaults:2 | Killed Asterion
 44510 | Vaults:2 | Noticed a Brimstone Fiend
 44717 | Vaults:2 | Killed Aizul
 46048 | Vaults:3 | Reached XP level 20. HP: 91/194 MP: 28/37
 46990 | Vaults:3 | Found a staircase to the Crypt.
 47625 | Vaults:3 | Found Doemor's Armour Emporium.
 47923 | Vaults:4 | Found a portal to a secret trove of treasure.
 48858 | Vaults:4 | Found Qumunax's Jewellery Emporium.
 48862 | Vaults:4 | Bought the ring of Yendor {MP+9 Str-3 Dex+5 Slay+5} for 678 gold pieces
 49427 | Vaults:4 | Found Gozag's Antique Weapon Shop.
 49432 | Vaults:4 | Found an opulent altar of Gozag.
 49438 | Vaults:4 | Found Gozag's Antique Weapon Boutique.
 49441 | Vaults:4 | Found Gozag's Antique Weapon Boutique.
 49848 | Vaults:4 | Slain by an orc warrior

Skill      XL: |  1  2  3  4  5  6  7  8  9 10 11 12 13 14 15 16 17 18 19 20 |
---------------+-------------------------------------------------------------+-----
Spellcasting   | 2 3 4 8 9 10 12 13 | 13.9
Necromancy     | 5 6 7 8 10 12 14 15 16 | 16.6
Armour         | 1 2 6 10 12 13 14 | 14.5
Fighting       | 1 3 5 6 7 9 10 11 12 13 15 16 | 16.0
Axes           | 2 5 8 9 11 12 14 16 19 20 | 20.5
Dodging        | 5 6 7 |  7.5
Evocations     | 5 |  5.7
Hexes          | 2 |  2.1
Charms         | 2 4 |  4.8
Stealth        | |  2.4

Action                   |  1- 3 |  4- 6 |  7- 9 | 10-12 | 13-15 | 16-18 | 19-21 || total
-------------------------+-------+-------+-------+-------+-------+-------+-------++-------
Melee: Unarmed           |     2 |       |       |       |       |       |       ||     2
       Short sword       |       |    63 |       |       |       |       |       ||    63
       Mace              |       |     4 |    87 |   142 |     3 |       |       ||   236
       Demon trident     |       |       |       |   138 |   101 |  1211 |       ||  1450
       Staff             |       |       |       |   171 |   298 |    76 |     5 ||   550
       Quarterstaff      |       |       |       |       |   487 |   152 |       ||   639
       Battleaxe         |       |       |       |       |     7 |   239 |   585 ||   831
       War axe           |       |       |       |       |       |    98 |    94 ||   192
 Fire: Longbow           |       |       |       |       |    62 |     7 |       ||    69
Throw: Throwing net      |       |       |       |       |     2 |       |       ||     2
 Cast: Pain              |    30 |   123 |   150 |   144 |     6 |     6 |     1 ||   460
       Vampiric Draining |       |    15 |    53 |   372 |   670 |   966 |   720 ||  2796
Invok: Call Merchant     |       |       |       |     1 |     5 |     3 |     1 ||    10
Evoke: Wand              |       |       |       |    33 |    53 |    29 |     9 ||   124
       Lightning rod     |       |       |       |     4 |    12 |    12 |       ||    28
       Fan of gales      |       |       |       |       |     1 |     1 |     1 ||     3
       Box of beasts     |       |       |       |       |     1 |       |       ||     1
       Phial of floods   |       |       |       |       |       |       |     3 ||     3
       Lamp of fire      |       |       |       |       |       |       |     1 ||     1
  Use: Scroll            |       |       |     9 |    15 |    14 |    17 |     6 ||    61
       Potion            |       |       |     1 |       |     1 |    11 |     8 ||    21
 Stab: Distracted        |       |       |       |     1 |     1 |     9 |     4 ||    15
       Confused          |       |       |       |       |     3 |     2 |       ||     5
  Eat: Chunk             |       |     5 |       |       |       |     2 |       ||     7
       Bread ration      |       |     1 |     1 |     2 |     5 |     8 |     3 ||    20
       Royal jelly       |       |     1 |     1 |     1 |     2 |     4 |     1 ||    10
       Fruit             |       |       |     3 |    10 |    11 |     1 |       ||    25
       Meat ration       |       |       |     1 |     1 |     2 |     2 |     4 ||    10
Armor: Robe              |     2 |     2 |       |       |       |       |       ||     4
       Ring mail         |       |    28 |    20 |       |       |       |       ||    48
       Scale mail        |       |       |    28 |   396 |   184 |       |       ||   608
       Plate armour      |       |       |       |       |   916 |  2255 |   674 ||  3845
Dodge: Dodged            |     6 |    49 |    98 |   480 |   919 |  1279 |   613 ||  3444
